 Dungeon Crawl Stone Soup version 0.18.1-48-g4cf74bf (webtiles) character file.

2471 sarahorange the Covered (level 9, -3/75 HPs)
             Began as a Minotaur Fighter on Aug 7, 2016.
             Was a Priest of Okawaru.
             Slain by an ogre
             ... wielding a +0 giant spiked club
              (10 damage)
             ... on level 7 of the Dungeon.
             The game lasted 00:37:57 (7015 turns).

sarahorange the Covered (Minotaur Fighter)          Turns: 7015, Time: 00:37:58

Health: -3/75      AC: 13    Str: 27    XL:     9   Next: 26%
Magic:  11/11      EV: 11    Int:  6    God:    Okawaru [***...]
Gold:   460        SH: 12    Dex: 11    Spells: 1 memorised, 11 levels left

rFire  . . .     SeeInvis .     a - +1 long sword
rCold  . . .     Gourm    .     b - +2 scale mail
rNeg   . . .     Faith    .     c - +1 shield
rPois  .         Spirit   .     (helmet restricted)
rElec  .         Dismiss  .     (no cloak)
rCorr  .         Reflect  .     (no gloves)
SustAt .         Harm     .     n - +2 pair of boots {run}
MR     .....                    H - amulet of rage
Stlth  +.........               (no ring)
                                p - ring of stealth

@: mighty, quick, not resistant to hostile enchantments, very unstealthy
A: retaliatory headbutt, horns 2
a: Heroism, Renounce Religion, Evoke Berserk Rage


You were on level 7 of the Dungeon.
You worshipped Okawaru.
Okawaru was most pleased with you.
You were hungry.

You visited 2 branches of the dungeon, and saw 8 of its levels.

You collected 460 gold pieces.

Inventory:

Hand Weapons
 a - a +1 long sword (weapon)
Missiles
 e - 193 stones (quivered)
 w - a throwing net
Armour
 b - a +2 scale mail (worn)
 c - a +1 shield (worn)
 n - a +2 pair of boots of running (worn)
Jewellery
 p - a ring of stealth (left hand)
 H - an amulet of rage (around neck)
Wands
 q - a wand of lightning (9/15)
 v - a wand of lightning (5/15)
 y - a wand of random effects (36/48)
 B - a wand of flame (32/48)
Scrolls
 i - a scroll of random uselessness
 j - 2 scrolls of amnesia
 m - a scroll of recharging
 o - 3 scrolls of remove curse
 J - a scroll of identify
Potions
 d - a potion of might
 g - a potion of mutation {unknown}
 h - 2 potions of flight
 k - 4 potions of curing {unknown}
 l - 2 potions of brilliance {unknown}
 r - a potion of ambrosia
 s - 3 potions of heal wounds {unknown}
 t - a potion of degeneration {unknown}
 u - a potion of haste {unknown}
 F - 2 potions of cancellation {unknown}
 G - a potion of cure mutation {unknown}
Books
 A - a Grand Grimoire

   Spells                             Type                      Level
   a - Monstrous Menagerie            Summoning                    7
   b - Summon Greater Demon           Summoning                    7
   c - Malign Gateway                 Summoning/Translocation      7
   d - Summon Horrible Things         Summoning                    8
 C - a book of Necromancy

   Spells                             Type                      Level
   a - Pain                           Necromancy                   1
   b - Animate Skeleton               Necromancy                   1
   c - Vampiric Draining              Necromancy                   3
   d - Regeneration                   Charms/Necromancy            3
   e - Animate Dead                   Necromancy                   4
   f - Control Undead                 Necromancy                   4
Comestibles
 f - 6 bread rations
 x - a beef jerky
 z - a royal jelly
 D - 2 chunks of flesh
 I - a slice of pizza


   Skills:
 + Level 6.1 Fighting
 + Level 6.9 Long Blades
 + Level 1.8 Throwing
 + Level 7.4 Armour
 + Level 5.1 Dodging
 + Level 1.3 Stealth
 + Level 7.2 Shields
 * Level 2.0 Spellcasting
 * Level 1.9 Necromancy
 + Level 0.8 Evocations


You had 11 spell levels left.
You knew the following spells:

 Your Spells              Type           Power        Failure   Level  Hunger
a - Animate Skeleton      Necr           N/A          94%         1    ##.....


Dungeon Overview and Level Annotations

Branches:
Dungeon (7/15)             Temple (1/1) D:5

Altars:
Ashenzari
Dithmenos
Fedhas
Gozag
Kikubaaqudgha
Makhleb
Nemelex Xobeh
Okawaru
Pakellas
Sif Muna
Trog
Vehumet
Yredelemnul
Zin
The Shining One


Innate Abilities, Weirdness & Mutations

You reflexively headbutt those who attack you in melee.
You have a pair of horns on your head.


Message History

You headbutt the killer bee. The killer bee barely misses you.
The killer bee stings you but does no damage.
You block the killer bee's attack.
You slice the killer bee!!
You kill the killer bee!
Okawaru accepts your kill.
Your Spellcasting skill increases to level 2!
The worker ant closely misses you.
You barely miss the worker ant. You headbutt the worker ant.
The worker ant is moderately wounded.
The worker ant bites you but does no damage.
You slash the worker ant!
You kill the worker ant!
Okawaru accepts your kill.
Things that are here:
a worker ant corpse; a killer bee corpse You slash the ogre!
The ogre is heavily wounded.
The ogre hits you with a giant spiked club!
You die...

#.##...# ..#...#
#.#...#
######.....####
..[..........O$
#..# ##†#
.#########.######
.......@O.........
###########.######
... .### .. #. ..


You could see an ogre.

Vanquished Creatures
  Grinder (D:3)
  Sigmund (D:6)
  Edmund (D:6)
  An orc warrior (D:6)
  2 ogres
  A centaur (D:5)
  4 giant frogs
  A gnoll sergeant (D:4)
  2 jellies (D:6)
  2 killer bees
  A howler monkey (D:5)
  A crimson imp (D:5)
  A giant frog zombie (D:6)
  3 gnoll shamans (D:4)
  An orc priest (D:6)
  Terence (D:3)
  An iguana (D:6)
  4 orc wizards
  4 worker ants
  2 hell rats (D:6)
  A hound skeleton (D:4)
  36 gnolls
  A howler monkey skeleton (D:4)
  4 adders
  4 river rats (D:6)
  3 oozes
  An adder zombie (D:4)
  6 dart slugs
  4 giant geckos
  14 orcs
  A ball python (D:4)
  4 giant cockroaches
  5 goblins
  13 hobgoblins
  25 jackals
  3 quokkas
  A ball python skeleton (D:4)
  4 bats
  4 giant newts
  11 kobolds
  A quokka skeleton (D:6)
  27 rats
208 creatures vanquished.

Notes
Turn   | Place    | Note
--------------------------------------------------------------
     0 | D:1      | sarahorange the Minotaur Fighter began the quest for the Orb.
     0 | D:1      | Reached XP level 1. HP: 19/19 MP: 0/0
    84 | D:1      | Reached XP level 2. HP: 27/27 MP: 1/1
  1061 | D:1      | Reached XP level 3. HP: 32/33 MP: 2/2
  1297 | D:2      | Found an opulent altar of Gozag.
  1534 | D:2      | Found a bloodstained altar of Trog.
  1536 | D:2      | Found an iron altar of Okawaru.
  1542 | D:2      | Became a worshipper of Warmaster Okawaru
  1634 | D:2      | Reached XP level 4. HP: 33/40 MP: 3/3
  1945 | D:3      | Found a faded altar to an unknown god.
  2050 | D:3      | Noticed Terence
  2059 | D:3      | Killed Terence
  2067 | D:3      | You fall through a shaft!
  2270 | D:3      | Noticed Grinder
  2278 | D:3      | Killed Grinder
  2278 | D:3      | Reached skill level 5 in Armour
  2278 | D:3      | Reached skill level 1 in Dodging
  2278 | D:3      | Reached XP level 5. HP: 9/47 MP: 4/4
  2278 | D:3      | Reached XP level 6. HP: 11/53 MP: 5/5
  2643 | D:3      | Identified a +2 pair of boots of running (You found it on level 3 of the Dungeon)
  2804 | D:3      | Reached skill level 1 in Stealth
  2804 | D:3      | Reached skill level 5 in Shields
  3051 | D:4      | Reached * piety under Okawaru
  3602 | D:4      | Reached XP level 7. HP: 12/60 MP: 6/6
  3866 | D:4      | Reached skill level 5 in Fighting
  4279 | D:4      | Reached skill level 5 in Long Blades
  4604 | D:4      | Reached ** piety under Okawaru
  4604 | D:4      | Reached XP level 8. HP: 53/68 MP: 7/7
  4924 | D:5      | Entered Level 5 of the Dungeon
  5102 | D:5      | Found a staircase to the Ecumenical Temple.
  5114 | Temple   | Entered the Ecumenical Temple
  5356 | D:5      | Found a radiant altar of Vehumet.
  5663 | D:5      | Learned a level 1 spell: Animate Skeleton
  5957 | D:6      | Noticed Sigmund
  6129 | D:6      | Reached skill level 1 in Throwing
  6200 | D:6      | Reached skill level 1 in Spellcasting
  6207 | D:6      | Reached *** piety under Okawaru
  6207 | D:6      | Reached skill level 1 in Necromancy
  6228 | D:6      | HP: 2/70 [hell rat (11)]
  6527 | D:6      | Reached skill level 5 in Dodging
  6563 | D:6      | Reached XP level 9. HP: 69/75 MP: 8/10
  6827 | D:6      | Killed Sigmund
  6904 | D:6      | Noticed Edmund
  6941 | D:6      | Killed Edmund
  6998 | D:6      | HP: 3/75 [killer bee (7)]
  7015 | D:7      | Slain by an ogre

Skill      XL: |  1  2  3  4  5  6  7  8  9 |
---------------+----------------------------+-----
Armour         | 4 5 6 7 |  7.4
Fighting       | 4 5 6 |  6.1
Shields        | 4 5 6 7 |  7.2
Long Blades    | 3 4 5 6 |  6.9
Dodging        | 1 2 4 5 |  5.1
Stealth        | 1 |  1.3
Throwing       | 1 |  1.8
Spellcasting   | 1 2 |  2.0
Necromancy     | 1 |  1.9
Evocations     | |  0.8

Action                   |  1- 3 |  4- 6 |  7- 9 || total
-------------------------+-------+-------+-------++-------
Melee: Long sword        |   112 |   115 |   358 ||   585
       Headbutt          |    17 |    25 |    63 ||   105
Throw: Stone             |    16 |     2 |    42 ||    60
Invok: Heroism           |       |       |     1 ||     1
Evoke: Wand              |       |     2 |     3 ||     5
  Use: Scroll            |       |    11 |     6 ||    17
       Potion            |       |     1 |     3 ||     4
  Eat: Chunk             |     2 |     5 |    11 ||    18
       Fruit             |       |     1 |       ||     1
Armor: Scale mail        |    47 |    49 |   126 ||   222
Dodge: Dodged            |    20 |    38 |   104 ||   162
Block: Shield            |    63 |    72 |   182 ||   317
